 Dungeon Sprint DCSS version 0.30.1-11-g7821555f0a (webtiles) character file.

Game seed: 9065964619072649203

516 Groucho the Thaumaturge (level 7, -3/36 HPs)
             Began as a Deep Elf Earth Elementalist on Jan 1, 2024.
             Was an Elder of Sif Muna.
             Slain by a two-headed ogre
             ... wielding a +0 giant club
              (22 damage)
             ... in the Dungeon (Sprint VII: "The Pits").
             The game lasted 00:03:48 (1181 turns).

Groucho the Thaumaturge (DEEE)                      Turns: 1181, Time: 00:03:48

Health: -3/36      AC:  2    Str:  5    XL:     7   Next: 0%
Magic:  16/23      EV: 14    Int: 22    God:    Sif Muna [****..]
Gold:   0          SH:  0    Dex: 15    Spells: 20/28 levels left

rFire   . . .        i - +2 falchion
rCold   . . .        (no shield)
rNeg    . . .        a - +0 robe
rPois   .            (no helmet)
rElec   .            (no cloak)
rCorr   .            (no gloves)
SInv    .            (no boots)
Will    .....        (no amulet)
Stlth   +++          (no ring)
HPRegen 0.26/turn    (no ring)
MPRegen 0.18/turn

%: no teleportation
@: no status effects
A: no striking features
a: Renounce Religion, Channel Magic, Forget Spell, Divine Exegesis


You were in the Dungeon.
You worshipped Sif Muna.
Sif Muna was greatly pleased with you.
You visited 1 branch

Inventory:

Hand Weapons
 h - a +2 dagger
 i - a +2 falchion (weapon)
Armour
 a - a +0 robe (worn)
Wands
 n - a wand of paralysis (6)
Scrolls
 k - 5 scrolls of amnesia
 l - a scroll of summoning
 m - 2 scrolls of vulnerability
Potions
 b - 5 potions of magic
 c - 6 potions of curing
 d - 6 potions of heal wounds
 e - a potion of haste
 f - 3 potions of berserk rage
 j - 2 potions of invisibility


   Skills:
 + Level 3.5 Short Blades
 - Level 5.0 Dodging
 + Level 5.5 Stealth
 + Level 11.1 Spellcasting
 + Level 5.0 Conjurations
 + Level 5.2 Transmutations
 + Level 9.7 Earth Magic


You had 20 spell levels left.
You knew the following spells:

 Your Spells              Type           Power      Damage    Failure   Level
a - Sandblast             Erth           100%       2d20      1%          1
b - Stone Arrow           Conj/Erth      88%        3d12      1%          3
c - Petrify               Tmut/Erth      45%        N/A       2%          4

Your spell library contained the following spells:

 Spells                   Type           Power      Damage    Failure   Level
 Passwall                 Tmut/Erth      37%        N/A       1%          2


Dungeon Overview and Level Annotations

Branches:
Dungeon (1/1)

Altars:
Ashenzari
Cheibriados
Dithmenos
Elyvilon
Fedhas
Gozag
Hepliaklqana
Kikubaaqudgha
Makhleb
Nemelex Xobeh
Okawaru
Qazlal
Ru
Sif Muna
Trog
Uskayaw
Vehumet
Wu Jian
Xom
Yredelemnul
Zin
The Shining One
Jiyva
Lugonu


Message History

Aim: a two-headed ogre, wielding two +0 giant clubs (moderately wounded, chance to affect: 51%)
The two-headed ogre is moving more slowly.
Unknown command.
Casting: Petrify (dangerous; 2% risk of failure)
Confirm with . or Enter, or press ? or * to list all spells.
Aiming: Stone Arrow (safe; 1% risk of failure)
Press: ? - help, Shift-Dir - straight line, f/p - two-headed ogre
Aim: a two-headed ogre, wielding two +0 giant clubs (moderately wounded, petrifying slowly, 100% to hit)
The stone arrow hits the two-headed ogre!!
The two-headed ogre is heavily wounded.
Unknown command.
Unknown command.
The two-headed ogre stops moving altogether!
The helpless two-headed ogre fails to defend itself.
You slash the two-headed ogre!
The two-headed ogre is heavily wounded.
The helpless two-headed ogre fails to defend itself.
You slash the two-headed ogre!
The two-headed ogre is severely wounded.
The helpless two-headed ogre fails to defend itself.
You hit the two-headed ogre.
The two-headed ogre is severely wounded.
The helpless two-headed ogre fails to defend itself.
You hit the two-headed ogre but do no damage.
The two-headed ogre is severely wounded.
The helpless two-headed ogre fails to defend itself.
You hit the two-headed ogre.
The two-headed ogre is severely wounded.
The helpless two-headed ogre fails to defend itself.
You slash the two-headed ogre!
The two-headed ogre is almost dead.
The two-headed ogre is no longer petrified.
The two-headed ogre hits you with a +0 giant club!
The two-headed ogre hits you with a +0 giant club.
You hit the two-headed ogre.
The two-headed ogre is almost dead.
The two-headed ogre closely misses you.
The two-headed ogre hits you with a +0 giant club!!
Ouch! That really hurt!
You die...

#.#[[###)####.....
#)##'#.....##...<.
#)#........##.....
#.#........##.....
#'###########.....
#.......# ######
#...#...#
#...#...#
#@##.##.#+#
#.O.#...#.+
#...#...#'#
#......ยง'.#
###########


You could see a two-headed ogre.

Vanquished Creatures
  A floating eye (D)
  2 ogres (D)
  A phantom (D)
  2 quasits (D)
  Ijyb (D)
  Jessica (D)
  A gnoll (D)
  3 adders (D)
  A river rat (D)
  A white imp (D)
  An adder zombie (D)
  A rat (D)
16 creatures vanquished.

Notes
Turn   | Place    | Note
-------+----------+-------------------------------------------
     0 | D        | Groucho the Deep Elf Earth Elementalist began the quest for
                  | the Orb.
     0 | D        | Reached XP level 1. HP: 10/10 MP: 6/6
     8 | D        | Noticed a floating eye
    10 | D        | Paralysed by a floating eye for 2 turns
    13 | D        | Killed a floating eye
    14 | D        | Reached skill level 8 in Spellcasting
    14 | D        | Reached XP level 2. HP: 15/15 MP: 3/13
    14 | D        | Reached XP level 3. HP: 19/19 MP: 3/15
    14 | D        | Reached XP level 4. HP: 24/24 MP: 3/16
    18 | D        | Learned a level 3 spell: Stone Arrow
    23 | D        | Learned a level 4 spell: Petrify
    48 | D        | Found a glowing golden altar of the Shining One.
    48 | D        | Found a glowing silver altar of Zin.
    48 | D        | Found a basalt altar of Yredelemnul.
    48 | D        | Found a shimmering altar of Xom.
    48 | D        | Found an ornate altar of the Wu Jian Council.
    48 | D        | Found a bloodstained altar of Trog.
    48 | D        | Found a shimmering blue altar of Sif Muna.
    48 | D        | Found a sacrificial altar of Ru.
    48 | D        | Found a stormy altar of Qazlal.
    48 | D        | Found an iron altar of Okawaru.
    48 | D        | Found a sparkling altar of Nemelex Xobeh.
    48 | D        | Found a burning altar of Makhleb.
    48 | D        | Found a viscous altar of Jiyva.
    48 | D        | Found a hazy altar of Hepliaklqana.
    48 | D        | Found an opulent altar of Gozag.
    48 | D        | Found a blossoming altar of Fedhas.
    48 | D        | Found a white marble altar of Elyvilon.
    48 | D        | Found a shadowy altar of Dithmenos.
    48 | D        | Found a snail-covered altar of Cheibriados.
    49 | D        | Found a radiant altar of Vehumet.
    49 | D        | Found a corrupted altar of Lugonu.
    50 | D        | Found a hide-covered altar of Uskayaw.
    50 | D        | Found an ancient bone altar of Kikubaaqudgha.
    50 | D        | Found a broken altar of Ashenzari.
    52 | D        | Became a worshipper of Sif Muna the Loreminder
   100 | D        | Reached skill level 9 in Spellcasting
   118 | D        | Reached * piety under Sif Muna
   130 | D        | Noticed Ijyb
   141 | D        | Reached skill level 1 in Conjurations
   143 | D        | Reached ** piety under Sif Muna
   144 | D        | Reached XP level 5. HP: 28/28 MP: 7/19
   319 | D        | Killed Ijyb
   320 | D        | Reached skill level 10 in Spellcasting
   378 | D        | Noticed an ogre
   587 | D        | Noticed an ogre
   587 | D        | Noticed a phantom
   594 | D        | Killed an ogre
   595 | D        | Reached skill level 1 in Short Blades
   596 | D        | Reached XP level 6. HP: 32/32 MP: 13/21
   597 | D        | Reached *** piety under Sif Muna
   601 | D        | Reached skill level 5 in Stealth
   686 | D        | Reached skill level 11 in Spellcasting
   739 | D        | Noticed Jessica
   767 | D        | Killed Jessica
   768 | D        | Reached skill level 5 in Dodging
   768 | D        | Reached skill level 5 in Transmutations
   909 | D        | Reached **** piety under Sif Muna
   910 | D        | Reached skill level 5 in Conjurations
   910 | D        | Reached XP level 7. HP: 34/36 MP: 13/23
  1163 | D        | Noticed a two-headed ogre
  1181 | D        | Slain by a two-headed ogre

Illustrated notes

Levels and vault maps discovered:
D:        pitsprint [storerooms_1, entrance_room_1, metal_vault_5, armoury_2,
          mini_pit_1, grid_room_1, main_hall_1, silver_pit, the_coven_1,
          the_vestibule_1, steel_vault_1, golden_pit, hallway_of_sentries,
          crystal_vault_1, iron_vault_1, final_vault]

Skill      XL: |  1  2  3  4  5  6 |
---------------+-------------------+-----
Spellcasting   | 8 9 10 11 | 11.1
Earth Magic    | 7 8 9 |  9.7
Conjurations   | 1 3 5 |  5.0
Transmutations | 2 3 5 |  5.2
Short Blades   | 1 3 |  3.5
Dodging        | 3 5 |  5.0
Stealth        | 3 5 |  5.5

Action                     |  1- 3 |  4- 6 |  7- 9 || total
---------------------------+-------+-------+-------++-------
  Melee: Falchion          |       |       |     7 ||     7
   Cast: Sandblast         |     3 |     9 |       ||    12
         Stone Arrow       |       |    15 |     2 ||    17
         Petrify           |       |       |     1 ||     1
    Use: Scroll            |       |       |     1 ||     1
   Stab: Petrified         |       |       |     6 ||     6
  Dodge: Dodged            |       |     4 |     1 ||     5
